 Dungeon Crawl Stone Soup version 0.31.0-11-ge490571c62 (webtiles) character file.

Game seed: 412687289525792126

32 Arcadio the Chiller (level 3, -12/28 HPs)
             Began as a Naga Ice Elementalist on Jan 29, 2024.
             Mangled by Sigmund
             ... wielding a +7 scythe
              (13 damage)
             ... on level 2 of the Dungeon.
             The game lasted 00:02:18 (965 turns).

Arcadio the Chiller (Naga Ice Elementalist)          Turns: 965, Time: 00:02:18

Health: -12/28     AC:  2    Str: 10    XL:     3   Next: 27%
Magic:  3/6        EV: 10    Int: 17    God:
Gold:   63         SH:  0    Dex: 11    Spells: 2/6 levels left

rFire   . . .        f - +0 dagger (venom)
rCold   . . .        (no shield)
rNeg    . . .        a - +0 robe
rPois   +            (no helmet)
rElec   .            (no cloak)
rCorr   .            (no gloves)
SInv    +            (no barding)
Will    .....        (no amulet)
Stlth   ++           (no ring)
HPRegen 0.24/turn    (no ring)
MPRegen 0.10/turn

%: no passive effects
@: freezing walls, very slow
A: AC +1, large, see invisible, deformed body, poison resistance, slowness 2,
spit poison 1, naga tail 1
a: Spit Poison


You were on level 2 of the Dungeon.
You visited 1 branch of the dungeon, and saw 2 of its levels.

You collected 63 gold pieces.

Inventory:

Hand Weapons
 f - a +0 dagger of venom (weapon)
Armour
 a - a +0 robe (worn)
 g - a +0 pair of gloves
Jewellery
 j - a ring of fire
Scrolls
 e - a scroll of fog {unknown}
 h - 2 scrolls of vulnerability
 k - a scroll of identify {unknown}
Potions
 b - a potion of magic
 c - 6 potions of curing {unknown}
 d - a potion of brilliance {unknown}
 i - a potion of attraction {unknown}


   Skills:
 + Level 2.0 Dodging
 + Level 3.8 Stealth
 + Level 2.4 Spellcasting
 + Level 4.2 Ice Magic


You had 2 spell levels left.
You knew the following spells:

 Your Spells              Type           Power      Damage    Failure   Level
a - Freeze                Ice            64%        1d7       3%          1
b - Frozen Ramparts       Ice            32%        1d5       10%         3

Your spell library contained the following spells:

 Spells                   Type           Power      Damage    Failure   Level
 Ozocubu's Armour         Ice            16%        N/A       10%         3
 Summon Ice Beast         Ice/Summ       9%         N/A       24%         3


Dungeon Overview and Level Annotations

Branches:
Dungeon (2/15)

Altars:

Annotations:
D:2 Sigmund


Innate Abilities, Weirdness & Mutations

Your serpentine skin is tough. (AC +1)
You have supernaturally acute eyesight. (SInv)
Armour fits poorly on your strangely shaped body.
Your system is resistant to poisons. (rPois)
You cover ground very slowly.
You can spit poison.
You have a snake-like lower body.


Message History

Aim: a kobold, wielding a +0 short sword You freeze the kobold.
You kill the kobold!
Okay, then.
Sigmund the Dreaded comes into view.
He is wielding a +7 scythe.
Okay, then.
This spell is quite dangerous to cast!
You start memorising the spell.
You continue memorising. x3
You finish memorising.
Spell assigned to 'b'.
You can't see any hostile targets in range.
You can't see any hostile targets in range.
Aiming: Spit Poison (2% risk of failure)
Press: ? - help, Q - select action, (/) - cycle Shift-Dir - straight line, f - Sigmund
Aim: Sigmund, wielding a +7 scythe and wearing a +0 robe (asleep, 100% to hit)
The splash of poison hits Sigmund.
Sigmund is poisoned.
Sigmund is lightly wounded.
Casting: Freeze (safe; 3% risk of failure)
Confirm with . or Enter, or press ? or * to list all spells.
Casting: Frozen Ramparts (quite dangerous; 10% risk of failure)
Press: ? - help, Dir - look around, f - activate The walls around you are covered in ice.
You aren't carrying any items that you can evoke.
Unknown command.
The wall freezes Sigmund.
Sigmund laughs darkly.
The wall freezes Sigmund.
Sigmund hits you from afar with a +7 scythe!
Ouch! That really hurt!
The wall freezes Sigmund.
Sigmund hits you from afar with a +7 scythe!
Ouch! That really hurt!
* * * LOW HITPOINT WARNING * * *
You have got your breath back.
Casting: Frozen Ramparts (quite dangerous; 10% risk of failure)
Confirm with . or Enter, or press ? or * to list all spells.
You can't see any susceptible monsters within range! (Use Z to cast anyway.) Sigmund looks more healthy.
The wall freezes Sigmund.
Sigmund hits you from afar with a +7 scythe!
You die...
Sigmund begins carving another notch in his scythe.

....#..................
###.#.#######...######
#.#.#.........#
#.#...........#
#.#...#######.# #.#...#
#.## #.#...# ###..##
#.#...# #.....# #.#...#
#.##@.# #.#...#####.
#........ #.#.........
#@.#....# #...........
#$......# ####.......#
#.......# .........
...#....# #........
##.#..... #........
.##.#. ........#


You could see Sigmund.

Vanquished Creatures
  A gnoll (D:1)
  A ball python (D:1)
  An endoplasm (D:2)
  5 goblins
  2 hobgoblins (D:1)
  A quokka (D:1)
  6 bats
  3 kobolds
20 creatures vanquished.

Notes
Turn   | Place    | Note
-------+----------+-------------------------------------------
     0 | D:1      | Arcadio the Naga Ice Elementalist began the quest for the
                  | Orb.
     0 | D:1      | Reached XP level 1. HP: 15/15 MP: 3/3
   135 | D:1      | Found a faded altar of an unknown god.
   139 | D:1      | Reached XP level 2. HP: 22/22 MP: 5/5
   504 | D:1      | Reached XP level 3. HP: 15/28 MP: 2/6
   945 | D:2      | Noticed Sigmund
   954 | D:2      | Learned a level 3 spell: Frozen Ramparts
   963 | D:2      | HP: 1/28 [Sigmund/+7 scythe (14)]
   965 | D:2      | Mangled by Sigmund

Illustrated notes

Levels and vault maps discovered:
D:1:      enne_arrival_octagon_isle, layout_loops_ring, basic_ecumenical_altar
D:2:      minmay_evil_eye, layout_basic, kennysheep_generic_room_6, uniq_sigmund

Skill      XL: |  1  2 |
---------------+-------+-----
Dodging        | 2 |  2.0
Stealth        | |  3.8
Spellcasting   | |  2.4
Ice Magic      | |  4.2

Action                     || total
---------------------------++-------
  Melee: Dagger            ||    20
         Unarmed           ||     1
   Cast: Freeze            ||    13
         Frozen Ramparts   ||     1
Ability: Spit Poison       ||     4
    Use: Scroll            ||     1
   Stab: Sleeping          ||     2
 Armour: Robe              ||    24
  Dodge: Dodged            ||    32
